 Dungeon Crawl Stone Soup version 0.27-a0-362-g8331d791d5 (webtiles) character file.

Game seed: 3123309556112813639

59 Murumi the Skirmisher (level 4, -3/48 HPs)
             Began as an Ogre Monk on Feb 16, 2021.
             Slain by a kobold
             ... wielding a +2 short sword of venom
              (9 damage)
             ... on level 2 of the Dungeon.
             The game lasted 00:04:56 (1069 turns).

Murumi the Skirmisher (Ogre Monk)                   Turns: 1069, Time: 00:04:56

Health: -3/48      AC:  3    Str: 15    XL:     4   Next: 3%
Magic:  4/4        EV: 10    Int: 12    God:
Gold:   46         SH:  0    Dex: 11    Spells: 3/3 levels left

rFire    . . .     SeeInvis .   e - +0 whip
rCold    . . .     Faith    .   (no shield)
rNeg     . . .     Spirit   .   b - +0 robe
rPois    .         Reflect  .   (helmet restricted)
rElec    .         Harm     .   (no cloak)
rCorr    .         Rampage  .   (gloves unavailable)
Will     .....     Clarity  +   (boots unavailable)
Stlth    ++........             (no amulet)
HPRegen  0.16/turn              (no ring)
MPRegen  0.09/turn              (no ring)

@: attractive
A: large, unfitting armour, blurry vision 1, clarity, screaming 1, tough skin 1
a: no special abilities


You were on level 2 of the Dungeon.
You visited 1 branch of the dungeon, and saw 2 of its levels.

You collected 46 gold pieces.

Inventory:

Hand Weapons
 a - a +0 mace
 e - a +0 whip (weapon)
Missiles
 f - 10 poisoned darts
 h - 76 stones (quivered)
Armour
 b - a +0 robe (worn)


   Skills:
 - Level 4.0 Fighting
 - Level 3.0 Maces & Flails
 + Level 2.3 Throwing
 - Level 3.0 Dodging
 - Level 2.0 Stealth


You had 3 spell levels left.
You didn't know any spells.
Your spell library was empty.

Dungeon Overview and Level Annotations

Branches:
Dungeon (2/15)

Altars:


Innate Abilities, Weirdness & Mutations

You are too large for most types of armour.
You have tough skin. (AC +1)
Scrolls take you a little longer to read.
You possess an exceptional clarity of mind.
You occasionally shout uncontrollably at your foes.


Message History

You feel sick. The ooze hits you.
* * * LOW HITPOINT WARNING * * *
You hit the ooze.
The ooze is severely wounded.
The ooze hits you but does no damage.
You hit the ooze.
The ooze is almost dead.
The ooze hits you.
* * * LOW HITPOINT WARNING * * *
You hit the ooze.
You kill the ooze!
Training target 2.0 for Throwing reached!
Your Throwing skill increases to level 2!
You need to enable at least one skill for training.
You closely miss the adder.
You feel sick. The adder bites you.
* * * LOW HITPOINT WARNING * * *
The adder bites you but does no damage.
You feel better. The adder barely misses you.
You closely miss the adder. The adder misses you.
You hit the adder.
The adder is heavily wounded.
The adder barely misses you. The adder closely misses you.
You closely miss the adder.
The adder is heavily wounded.
The adder barely misses you.
You hit the adder.
The adder is severely wounded.
The adder bites you.
* * * LOW HITPOINT WARNING * * *
You closely miss the adder.
The adder is severely wounded.
The adder bites you.
* * * LOW HITPOINT WARNING * * *
You hit the adder.
You kill the adder!
You have reached level 4!
You hit the kobold.
The kobold is severely wounded.
The kobold hits you with a +2 short sword of venom!
You die...

#...
#..########
#.........##
###.........###
.......<...)..#
##....†.......#
#............#
#............#
#.#...#...#@##
# ###.#####K#
.........w#
.#....w##.#
#....# ..#
..#..# ..#
...## ...# ..
...# . .#..#


You could see a worm and a kobold.

Vanquished Creatures
  2 adders (D:2)
  2 oozes
  A dart slug (D:2)
  A leopard gecko (D:2)
  5 bats (D:1)
  5 goblins
  2 hobgoblins
  2 jackals (D:1)
  3 kobolds (D:1)
  A frilled lizard (D:1)
  5 rats
29 creatures vanquished.

Notes
Turn   | Place    | Note
-------+----------+-------------------------------------------
     0 | D:1      | Murumi the Ogre Monk began the quest for the Orb.
     0 | D:1      | Reached XP level 1. HP: 24/24 MP: 1/1
   187 | D:1      | Reached XP level 2. HP: 28/32 MP: 2/2
   566 | D:1      | Reached XP level 3. HP: 36/39 MP: 3/3
   620 | D:1      | Reached skill level 1 in Throwing
  1043 | D:2      | Gained mutation: Scrolls take you a little longer to read.
                  | [potion of mutation]
  1043 | D:2      | Gained mutation: You occasionally shout uncontrollably at
                  | your foes. [potion of mutation]
  1043 | D:2      | Gained mutation: You possess an exceptional clarity of
                  | mind. [potion of mutation]
  1069 | D:2      | Reached XP level 4. HP: 6/48 MP: 4/4
  1069 | D:2      | Slain by a kobold

Illustrated notes

Levels and vault maps discovered:
D:1:      eino_arrival_tree_alley, layout_basic
D:2:      layout_rooms, moated_statue, grunt_ministairs_13, minmay_misc_feat_chi

Skill      XL: |  1  2  3 |
---------------+----------+-----
Maces & Flails | 3 |  3.0
Dodging        | 3 |  3.0
Stealth        | 2 |  2.0
Throwing       | 2 |  2.3
Fighting       | |  4.0

Action                   |  1- 3 |  4- 6 || total
-------------------------+-------+-------++-------
Melee: Mace              |    15 |       ||    15
       Whip              |   109 |     1 ||   110
Throw: Stone             |    12 |       ||    12
       Dart              |     2 |       ||     2
  Use: Potion            |     4 |       ||     4
       Scroll            |     3 |       ||     3
 Stab: Sleeping          |     2 |       ||     2
Armor: Robe              |    39 |       ||    39
Dodge: Dodged            |    72 |       ||    72

Table legend: (Time is in decaauts)
 A = Elapsed time spent in this place.
 B = Non-inter-level travel time spent in this place.
 C = Inter-level travel time spent in this place.
 D = Time resting spent in this place.
 E = Time spent auto-exploring this place.
 F = Levels seen in this place.
 G = Mean time per level.
                   A        B        C        D        E       F      G
               +--------+--------+--------+--------+--------+-----+--------+
         Total |   1070 |    998 |     72 |    143 |    588 |   2 |  535.0 |
       Dungeon |   1070 |    998 |     72 |    143 |    588 |   2 |  535.0 |
               +--------+--------+--------+--------+--------+-----+--------+

Top non-repeatable levels by time:
     D:1: 969 daAuts
     D:2: 100 daAuts
